 Dungeon Crawl Stone Soup version 0.18-a0-1720-g8df8b1a (webtiles) character file.

11 Sixotanaka the Insei (level 2, -1/22 HPs)
             Began as a Demigod Transmuter on Apr 9, 2016.
             Slain by a kobold
             ... wielding a +0 club
              (3 damage)
             ... on level 1 of the Dungeon.
             The game lasted 00:01:23 (243 turns).

Sixotanaka the Insei (Demigod Transmuter)            Turns: 243, Time: 00:01:24

Health: -1/22      AC:  2    Str: 13    XL:     2   Next: 3%
Magic:  7/7        EV: 12    Int: 17    God:
Gold:   0          SH:  0    Dex: 16    Spells: 1 memorised, 3 levels left

rFire  . . .     SeeInvis .       - Unarmed
rCold  . . .     Gourm    .     b - +0 robe
rNeg   . . .     Faith    .     (no shield)
rPois  .         Spirit   .     (no helmet)
rElec  .         Dismiss  .     (no cloak)
rCorr  .         Reflect  .     (no gloves)
SustAt +         Harm     .     (no boots)
MR     .....                    (no amulet)
Stlth  +.........               (no ring)
                                (no ring)

@: not resistant to hostile enchantments, very unstealthy
A: high mp 1, sustain attributes
a: no special abilities


You were on level 1 of the Dungeon.
You were not hungry.

You visited 1 branch of the dungeon, and saw 1 of its levels.


Innate Abilities, Weirdness & Mutations

You have an increased reservoir of magic (+10% MP).
Your attributes are resistant to harm.


   Skills:
 - Level 0.8 Fighting
 - Level 1.7 Dodging
 + Level 3.3 Unarmed Combat
 - Level 1.7 Spellcasting
 - Level 1.7 Transmutations


You had 3 spell levels left.
You knew the following spells:

 Your Spells              Type           Power        Failure   Level  Hunger
z - Beastly Appendage     Trmt           #.....       12%         1    #......


Dungeon Overview and Level Annotations

Branches:
Dungeon (1/15)

Inventory:

Missiles
 a - 12 arrows
Armour
 b - a +0 robe (worn)
Books
 c - a book of Changes
Comestibles
 d - a bread ration
 f - 2 chunks of flesh

......s.... ..........
.......... .........
....... ....##
#....#######.....##
#....#..<..#......# #.
#@##..g##....... ...
#.##K#g###.#.......
...##....#8'''8#.......
#.....#K###)###.......
#.......g.............
.#.....(...............
..........?............
.#.....................
...................g...


You could see a giant cockroach (sleeping), a goblin and 2 kobolds.


Message History

There is an open gate here.
The bat barely misses you.
There is an open gate here.
Casting: Beastly Appendage You grow a pair of large bovine horns.
You start resting.
The bat hits you.
* * * LOW HITPOINT WARNING * * *
You closely miss the bat. The bat hits you but does no damage. x2
You barely miss the bat.
Your transformation is almost over.
The bat hits you.
* * * LOW HITPOINT WARNING * * *
You barely miss the bat. The bat hits you.
* * * LOW HITPOINT WARNING * * *
The bat hits you.
* * * LOW HITPOINT WARNING * * *
You hit the bat but do no damage. The bat misses you.
Unknown command.
You aren't carrying any potions.
Unknown command.
You miss the bat. Your headbutt misses the bat. The bat barely misses you.
The bat hits you but does no damage.
You hit the bat.
You kill the bat!
You have reached level 2!
The goblin hits you with a dagger.
* * * LOW HITPOINT WARNING * * *
There is an open gate here.
There is an open gate here.
A hobgoblin comes into view.
There is an open gate here.
Your horns disappear.
There is an open gate here.
There is an open gate here.
There is an open gate here.
There is an open gate here.
There is an open gate here.
There is an open gate here.
There is an open gate here.
There is an open gate here.
There is an open gate here.
There is an open gate here.
There is an open gate here.
There is an open gate here.
There is an open gate here.
There is an open gate here.
There is an open gate here.
There is an open gate here.
There is an open gate here.
There is an open gate here.
There is an open gate here.
A kobold comes into view.
There is an open gate here.
The goblin hits you but does no damage.
There is an open gate here.
The kobold throws a stone.
The stone hits you.
* * * LOW HITPOINT WARNING * * *
The kobold barely misses you.
There is an open gate here.
The kobold barely misses you.
There is an open gate here.
The kobold misses you.
There is an open gate here.
The kobold hits you with a club.
* * * LOW HITPOINT WARNING * * *
There is an open gate here.
You see here a club.
A giant cockroach comes into view.
The kobold hits you with a club.
You die...

Action                   || total
-------------------------++-------
Melee: Unarmed           ||    24
 Cast: Beastly Appendage ||     4

Vault maps used:
D:1:      saegor_arrival_simple_c, st_stairs_8

Notes
Turn   | Place    | Note
--------------------------------------------------------------
     0 | D:1      | Sixotanaka the Demigod Transmuter began the quest for the Orb.
     0 | D:1      | Reached XP level 1. HP: 15/15 MP: 5/5
    29 | D:1      | Reached skill level 3 in Unarmed Combat
   156 | D:1      | HP: 3/15 [bat (1)]
   159 | D:1      | Reached XP level 2. HP: 4/22 MP: 5/7
   162 | D:1      | HP: 1/22 [goblin/dagger (3)]
   226 | D:1      | HP: 4/22 [kobold/stone (2)]
   235 | D:1      | HP: 1/22 [kobold/club (3)]
   243 | D:1      | Slain by a kobold

Vanquished Creatures
  A giant gecko (D:1)
  3 bats (D:1)
  A hobgoblin (D:1)
  2 kobolds (D:1)
  A giant newt (D:1)
  A rat (D:1)
9 creatures vanquished.
